 Dungeon Crawl Stone Soup version 0.31-a0-115-g4708a659fe (webtiles) character file.

Game seed: 16858750561892016118

3411 themarg the Zephyrmancer (level 10, -1/67 HPs)
             Began as a Tengu Air Elementalist on May 30, 2023.
             Was a Follower of Vehumet.
             Slain by an orc warrior
             ... wielding a +0 battleaxe
              (7 damage)
             ... on level 7 of the Dungeon.
             The game lasted 00:27:03 (10464 turns).

themarg the Zephyrmancer (Tengu Air Elementalist)  Turns: 10464, Time: 00:27:03

Health: -1/67      AC:  6    Str: 13    XL:     10   Next: 4%
Magic:  9/15       EV: 18    Int: 18    God:    Vehumet [*.....]
Gold:   224        SH:  0    Dex: 20    Spells: 5/15 levels left

rFire   . . .        c - +4 short sword (drain)
rCold   + . .        (no shield)
rNeg    . . .        a - +0 robe
rPois   .            (helmet restricted)
rElec   .            h - +0 cloak
rCorr   +            r - +2 pair of gloves
SInv    .            (boots unavailable)
Will    .....        k - amulet of regeneration
Stlth   +++          l - +6 ring of strength
HPRegen 1.11/turn    y - ring of resist corrosion
MPRegen 0.14/turn

%: no passive effects
@: flying quickly and evasively, unable to read, quick
A: beak, talons 3, nimble flight, agile 1, cold resistance 1, inability to read
after injury 1
a: Renounce Religion


You were on level 7 of the Dungeon.
You worshipped Vehumet.
Vehumet was aware of your devotion.
You visited 1 branch of the dungeon, and saw 7 of its levels.

You collected 224 gold pieces.

Inventory:

Hand Weapons
 c - a +4 short sword of draining (weapon)
 d - a +0 dagger
 i - a +0 orcbow
Missiles
 e - 3 boomerangs
 f - 64 stones
 t - 12 poisoned darts
 B - a curare-tipped dart
Armour
 a - a +0 robe (worn)
 h - a +0 cloak (worn)
 r - a +2 pair of gloves (worn)
Jewellery
 k - an amulet of regeneration (around neck)
 l - a +6 ring of strength (left hand)
 y - a ring of resist corrosion (right hand)
 A - a ring of poison resistance
Scrolls
 j - 3 scrolls of teleportation
 m - a scroll of torment {unknown}
 o - a scroll of enchant weapon {unknown}
 s - 2 scrolls of vulnerability {unknown}
 w - a scroll of enchant armour
 x - a scroll of acquirement {unknown}
 z - a scroll of immolation {unknown}
 C - a scroll of fear {unknown}
Potions
 b - a potion of magic
 g - 2 potions of mutation
 n - 4 potions of enlightenment
 p - 3 potions of attraction
 q - a potion of invisibility {unknown}
 u - a potion of degeneration {unknown}
 v - a potion of haste {unknown}


   Skills:
 + Level 9.7 Fighting
 - Level 2.0 Throwing
 - Level 5.0 Dodging
 - Level 3.0 Stealth
 - Level 3.0 Spellcasting
 - Level 3.0 Conjurations
 - Level 11.0 Air Magic


You had 5 spell levels left.
You knew the following spells:

 Your Spells              Type           Power      Damage    Failure   Level
a - Shock                 Conj/Air       100%       1d9       1%          1
b - Static Discharge      Conj/Air       54%        2-5/arc   1%          2
c - Swiftness             Air            42%        N/A       1%          3
d - Airstrike             Air            21%        2d(3-19)  1%          4

Your spell library contained the following spells:

 Spells                   Type           Power      Damage    Failure   Level
 Foxfire                  Conj/Fire      32%        2x1d5     9%          1
 Apportation              Tloc           4%         N/A       16%         1
 Freeze                   Ice            8%         1d3       16%         1
 Necrotise                Necr           8%         1d4       16%         1
 Summon Small Mammal      Summ           8%         N/A       16%         1
 Hailstorm                Conj/Ice       8%         3d4       26%         3
 Call Canine Familiar     Summ           2%         N/A       43%         3
 Frozen Ramparts          Ice            4%         1d1       43%         3
 Ozocubu's Armour         Ice            2%         N/A       43%         3
 Summon Guardian Golem    Hex/Summ       2%         N/A       43%         3
 Metabolic Englaciation   Hex/Ice        1%         N/A       99%         5
 Simulacrum               Ice/Necr       1%         N/A       100%        6


Dungeon Overview and Level Annotations

Branches:
Dungeon (7/15)             Temple (0/1) D:5

Altars:
Elyvilon
Gozag
Kikubaaqudgha
Uskayaw
Vehumet
Wu Jian
The Shining One

Annotations:
D:3 Terence


Innate Abilities, Weirdness & Mutations

You have a beak for a mouth.
You have claws for feet.
Your magical nature lets you fly swiftly and evasively.
You are agile. (Dex +4, Str/Int -1)
Your flesh is cold resistant. (rC+)
You occasionally lose the ability to read scrolls when taking damage.


Message History

You kill the orc!
Vehumet accepts your kill.
You feel your power returning.
You are struck by an arc of lightning.
You start resting.
HP restored.
You start resting.
Magic restored.
You fly downwards.
The orc warrior hits you with a +0 battleaxe!
The orc priest mumbles some strange prayers to Beogh against you.
Beogh smites you!
The orc warrior hits you with a +0 battleaxe!
The orc priest mumbles some strange prayers to Beogh against you.
You struggle to resist.
The orc shouts!
There is a stone staircase leading up, spattered with blood here.
The orc warrior is struck by an arc of lightning.
The orc warrior is lightly wounded.
You are struck by an arc of lightning.
The orc warrior is struck by an arc of lightning.
The orc warrior is moderately wounded.
The lightning grounds out.
The orc priest begins to cast a cantrip, but forgets the words!
The orc warrior closely misses you.
The orc warrior is struck by an arc of lightning.
The orc warrior is heavily wounded.
You are struck by an arc of lightning.
The lightning grounds out.
The orc warrior hits you with a +0 battleaxe!
You feel threatened and lose the ability to read scrolls!
* * * LOW HITPOINT WARNING * * *
The orc warrior is struck by an arc of lightning.
The orc warrior is heavily wounded.
You are struck by an arc of lightning.
* * * LOW HITPOINT WARNING * * *
The orc warrior is struck by an arc of lightning.
The orc warrior is severely wounded.
You are struck by an arc of lightning.
* * * LOW HITPOINT WARNING * * *
The lightning grounds out.
The orc warrior hits you with a +0 battleaxe!
You die...

#..### ..#..
##....
#.....
##.#...
#...... ##
....o..#o###
..)..o.@...#
..........##
.........##
##.....###
....?..
#......
......#
......


You could see an orc warrior, an orc priest and an orc.

Vanquished Creatures
  Pikel (D:4)
  Grinder (D:5)
  Menkaure (D:5)
  A water moccasin (D:6)
  Duvessa (D:5)
  2 black bears (D:6)
  An ice beast (D:6)
  3 ogres
  A centaur (D:5)
  2 lemures (D:3)
  A kobold brigand (D:6)
  A phantom (D:5)
  2 bullfrogs
  5 scorpions
  3 wights (D:6)
  Dowan (D:5)
  A killer bee (D:4)
  A howler monkey (D:5)
  4 jellies
  4 orc priests
  Crazy Yiuf (D:5)
  6 hounds
  A gnoll bouda (D:6)
  5 iguanas
  3 sleepcaps
  4 orc wizards
  4 gnolls (D:2)
  7 adders
  A white imp (D:6)
  3 ufetubi (D:6)
  4 worms
  2 dart slugs (D:4)
  16 orcs
  4 bats
  12 endoplasms
  3 giant cockroaches
  8 goblins
  12 hobgoblins
  3 jackals (D:4)
  8 kobolds
  2 quokkas
  6 ball pythons
  A frilled lizard (D:3)
  5 rats
158 creatures vanquished.

Notes
Turn   | Place    | Note
-------+----------+-------------------------------------------
     0 | D:1      | themarg the Tengu Air Elementalist began the quest for the
                  | Orb.
     0 | D:1      | Reached XP level 1. HP: 10/10 MP: 4/4
   255 | D:1      | Reached XP level 2. HP: 15/15 MP: 1/6
   258 | D:1      | Learned a level 2 spell: Static Discharge
  1036 | D:2      | Reached XP level 3. HP: 19/19 MP: 2/7
  1452 | D:2      | Reached XP level 4. HP: 14/24 MP: 0/8
  1586 | D:2      | Reached skill level 5 in Air Magic
  1743 | D:2      | Found a hide-covered altar of Uskayaw.
  2534 | D:3      | Gained mutation: Your magical nature lets you fly swiftly
                  | and evasively. [Tengu growth]
  2534 | D:3      | Reached XP level 5. HP: 27/28 MP: 0/9
  2639 | D:3      | Reached skill level 6 in Air Magic
  2722 | D:3      | Noticed Terence
  2851 | D:3      | Reached skill level 7 in Air Magic
  3123 | D:3      | Reached XP level 6. HP: 32/32 MP: 10/10
  3846 | D:3      | Learned a level 3 spell: Swiftness
  4367 | D:4      | Reached skill level 8 in Air Magic
  4452 | D:4      | Noticed Pikel
  4522 | D:3      | HP: 1/32 [lemure[Pikel] (9)]
  4804 | D:4      | Killed Pikel
  4805 | D:4      | Reached skill level 10 in Air Magic
  4805 | D:4      | Reached skill level 1 in Fighting
  4805 | D:4      | Reached XP level 7. HP: 25/39 MP: 0/12
  5195 | D:4      | Reached XP level 8. HP: 7/46 MP: 2/13
  5195 | D:4      | Gained mutation: Your flesh is cold resistant. (rC+)
                  | [potion of mutation]
  5195 | D:4      | Gained mutation: You occasionally lose the ability to read
                  | scrolls when taking damage. [potion of mutation]
  5195 | D:4      | Gained mutation: You are agile. (Dex +4, Str/Int -1)
                  | [potion of mutation]
  5555 | D:4      | Found a white marble altar of Elyvilon.
  5559 | D:4      | Found a radiant altar of Vehumet.
  5560 | D:4      | Found an ornate altar of the Wu Jian Council.
  5565 | D:4      | Became a worshipper of Vehumet
  5642 | D:5      | Entered Level 5 of the Dungeon
  5822 | D:5      | Found a glowing golden altar of the Shining One.
  5833 | D:5      | Learned a level 4 spell: Airstrike
  5993 | D:5      | Noticed Menkaure
  6001 | D:5      | Killed Menkaure
  6002 | D:5      | Reached skill level 5 in Fighting
  6002 | D:5      | Reached skill level 1 in Throwing
  6045 | D:5      | Noticed Dowan
  6311 | D:5      | Killed Dowan
  6314 | D:5      | Noticed Duvessa
  6320 | D:5      | Killed Duvessa
  6569 | D:5      | Reached skill level 5 in Dodging
  6751 | D:5      | Noticed Grinder
  6828 | D:5      | Killed Grinder
  6829 | D:5      | Reached XP level 9. HP: 55/55 MP: 0/14
  6984 | D:5      | Found an ancient bone altar of Kikubaaqudgha.
  7132 | D:5      | Found a staircase to the Ecumenical Temple.
  7232 | D:5      | Found a runed translucent door.
  7232 | D:5      | Noticed Crazy Yiuf
  7238 | D:5      | Killed Crazy Yiuf
  7857 | D:6      | Reached * piety under Vehumet
  7857 | D:6      | Offered knowledge of Magic Dart by Vehumet.
  8177 | D:6      | Reached skill level 11 in Air Magic
  9391 | D:6      | Found an opulent altar of Gozag.
  9764 | D:6      | Reached XP level 10. HP: 66/66 MP: 9/15
  9837 | D:6      | Found an opulent altar of Gozag.
 10070 | D:7      | Offered knowledge of Foxfire by Vehumet.
 10464 | D:7      | Slain by an orc warrior

Illustrated notes

Levels and vault maps discovered:
D:1:      mrwooster_arrival_statue_2, layout_basic
D:2:      layout_basic, basic_altar, minmay_tromino_i2
D:3:      minmay_wonky_spiral, layout_basic, uniq_terence
D:4:      layout_basic, minitemple, minmay_divided_ellipse, uniq_pikel
D:5:      layout_basic, nicolae_tso_carved_into_rock,
          mainiacjoe_overflow_cross_hatched, temple_green,
          wad_floor_pattern_untrapped, minmay_misc_feat_secret_circle,
          uniq_crazy_yiuf_cottage, uniq_grinder, uniq_menkaure, uniq_duvessa
D:6:      minmay_razor_zed, layout_rooms,
          nicolae_gozag_cash_rules_everything_around_me
D:7:      layout_cave_pools, grunt_ogre_cave, kennysheep_nub

Skill      XL: |  1  2  3  4  5  6  7  8  9 |
---------------+----------------------------+-----
Conjurations   | 2 3 |  3.0
Stealth        | 3 |  3.0
Air Magic      | 5 7 10 11 | 11.0
Fighting       | 1 3 6 9 |  9.7
Spellcasting   | 3 |  3.0
Throwing       | 2 |  2.0
Dodging        | 5 |  5.0

Action                     |  1- 3 |  4- 6 |  7- 9 | 10-12 || total
---------------------------+-------+-------+-------+-------++-------
  Melee: Dagger            |     2 |    11 |     3 |       ||    16
         Peck              |     1 |     1 |       |       ||     2
         Kick              |       |     1 |     2 |       ||     3
         Short sword       |       |       |     3 |       ||     3
   Cast: Shock             |    64 |    93 |    98 |     2 ||   257
         Static Discharge  |     4 |    40 |    54 |     6 ||   104
         Swiftness         |       |       |     1 |       ||     1
         Airstrike         |       |       |    28 |     2 ||    30
  Evoke: Wand              |       |     2 |     1 |       ||     3
    Use: Potion            |       |       |     5 |       ||     5
         Scroll            |       |       |     6 |       ||     6
   Stab: Sleeping          |       |     2 |     1 |       ||     3
 Armour: Robe              |     1 |     6 |     5 |       ||    12
  Dodge: Dodged            |     3 |    31 |    40 |     4 ||    78

Table legend: (Time is in decaauts)
 A = Elapsed time spent in this place.
 B = Non-inter-level travel time spent in this place.
 C = Inter-level travel time spent in this place.
 D = Time resting spent in this place.
 E = Time spent auto-exploring this place.
 F = Levels seen in this place.
 G = Mean time per level.
                   A        B        C        D        E       F      G
               +--------+--------+--------+--------+--------+-----+--------+
         Total |  10082 |   9632 |    450 |   1429 |   6908 |   7 | 1440.3 |
       Dungeon |  10082 |   9632 |    450 |   1429 |   6908 |   7 | 1440.3 |
               +--------+--------+--------+--------+--------+-----+--------+

Top non-repeatable levels by time:
     D:6: 2324 daAuts
     D:5: 2249 daAuts
     D:2: 1545 daAuts
     D:4: 1519 daAuts
     D:3: 1364 daAuts
     D:1: 1069 daAuts
     D:7: 9 daAuts
